 Dungeon Crawl Stone Soup version 0.32-a0-329-ge6c31236d6 (webtiles) character file.

Game seed: 3968382867282127269

8 Atlas the Firebug (level 2, -3/19 HPs)
             Began as a Demonspawn Fire Elementalist on Feb 16, 2024.
             Frozen to death by an endoplasm (5 damage)
             ... on level 1 of the Dungeon.
             The game lasted 00:00:28 (589 turns).

Atlas the Firebug (Demonspawn Fire Elementalist)     Turns: 589, Time: 00:00:29

Health: -3/19      AC:  3    Str:  8    XL:     2   Next: 0%
Magic:  5/5        EV: 11    Int: 15    God:
Gold:   15         SH:  0    Dex: 13    Spells: 4/5 levels left

rFire   . . .        (no weapon)
rCold   . . .        (no shield)
rNeg    . . .        d - +0 leather armour
rPois   .            (helmet restricted)
rElec   .            (no cloak)
rCorr   .            (no gloves)
SInv    .            (no boots)
Will    .....        (no amulet)
Stlth   ++           (no ring)
HPRegen 0.23/turn    (no ring)
MPRegen 0.09/turn

%: no passive effects
@: no status effects
A: horns 1
a: no special abilities


You were on level 1 of the Dungeon.
You visited 1 branch of the dungeon, and saw 1 of its levels.

You collected 15 gold pieces.

Inventory:

Armour
 d - a +0 leather armour (worn)
Scrolls
 a - a scroll of poison {unknown}
 c - a scroll of silence {unknown}
 e - a scroll of identify {unknown}
Potions
 b - a potion of magic


   Skills:
 + Level 2.0 Dodging
 + Level 1.8 Stealth
 + Level 2.0 Spellcasting
 + Level 1.0 Conjurations
 + Level 3.0 Fire Magic


You had 4 spell levels left.
You knew the following spells:

 Your Spells              Type           Power      Damage    Failure   Level
a - Foxfire               Conj/Fire      28%        2x1d5     14%         1

Your spell library contained the following spells:

 Spells                   Type           Power      Damage    Failure   Level
 Scorch                   Fire           20%        2d5       14%         2
 Sting                    Conj/Alch      12%        1d3       26%         1
 Apportation              Tloc           2%         N/A       32%         1
 Necrotise                Necr           4%         1d4       32%         1
 Summon Small Mammal      Summ           4%         N/A       32%         1
 Inner Flame              Hex/Fire       6%         N/A       45%         3
 Volatile Blastmotes      Fire/Tloc      12%        2d11      45%         3
 Flame Wave               Conj/Fire      7%         2d5       80%         4


Dungeon Overview and Level Annotations

Branches:
Dungeon (1/15)

Altars:


Innate Abilities, Weirdness & Mutations

You have a pair of small horns on your head.


Message History

You are frozen.
The endoplasm freezes you.
You are frozen.
The giant cockroach closely misses you. The endoplasm freezes you.
You are frozen.
You hit the giant cockroach but do no damage.
The giant cockroach bites you. The endoplasm hits you.
* * * LOW HITPOINT WARNING * * *
You hit the giant cockroach.
The giant cockroach is moderately wounded.
The giant cockroach bites you but does no damage.
The endoplasm closely misses you. The giant cockroach misses you.
The endoplasm freezes you.
You are frozen.
* * * LOW HITPOINT WARNING * * *
The giant cockroach misses you.
The giant cockroach bites you but does no damage.
The endoplasm attacks as it pursues you!
The endoplasm closely misses you. The giant cockroach closely misses you.
The giant cockroach attacks as it pursues you!
The giant cockroach closely misses you.
The giant cockroach attacks as it pursues you!
The giant cockroach bites you but does no damage.
The endoplasm attacks as it pursues you!
The endoplasm barely misses you. The giant cockroach misses you.
Found a scroll labelled OMMOGHOILA.
The giant cockroach attacks as it pursues you!
The giant cockroach bites you but does no damage.
The giant cockroach bites you.
* * * LOW HITPOINT WARNING * * *
The endoplasm barely misses you.
The giant cockroach bites you but does no damage.
The giant cockroach bites you.
* * * LOW HITPOINT WARNING * * *
The endoplasm freezes you.
You are frozen.
You die...

### #.. #.#
#.#
###.#######
#.@B.......
#.#J#######
#?#....#
#.#..#.#
#.#..#.#
#.#..#.# ##
# #.#..#.#
.. ..
#.#..#.##.#
#.#
#..#....#
..


You could see an endoplasm and a giant cockroach.

Vanquished Creatures
  A dart slug (D:1)
  A kobold (D:1)
  A bat (D:1)
  A goblin (D:1)
4 creatures vanquished.

Vanquished Creatures (others)
  6 foxfires (D:1)
6 creatures vanquished.

Grand Total: 10 creatures vanquished

Notes
Turn   | Place    | Note
-------+----------+-------------------------------------------
     0 | D:1      | Atlas the Demonspawn Fire Elementalist began the quest for
                  | the Orb.
     0 | D:1      | Reached XP level 1. HP: 13/13 MP: 3/3
   398 | D:1      | Reached skill level 3 in Fire Magic
   398 | D:1      | Discovered your monstrous ancestry.
   398 | D:1      | Gained mutation: You have a pair of small horns on your
                  | head. [demonic ancestry]
   398 | D:1      | Reached XP level 2. HP: 19/19 MP: 1/5
   589 | D:1      | Frozen to death by an endoplasm

Illustrated notes

Levels and vault maps discovered:
D:1:      scummos_arrival_forest, layout_basic, dreamdust_mushroom_princess

Skill      XL: |  1 |
---------------+----+-----
Dodging        | 2 |  2.0
Fire Magic     | 3 |  3.0
Stealth        | |  1.8
Spellcasting   | |  2.0
Conjurations   | |  1.0

Action                     || total
---------------------------++-------
  Melee: Unarmed           ||     2
   Cast: Foxfire           ||     9
 Armour: Robe              ||     1
         Leather armour    ||     9
  Dodge: Dodged            ||    10

Table legend: (Time is in decaauts)
 A = Elapsed time spent in this place.
 B = Non-inter-level travel time spent in this place.
 C = Inter-level travel time spent in this place.
 D = Time resting spent in this place.
 E = Time spent auto-exploring this place.
 F = Levels seen in this place.
 G = Mean time per level.
                   A        B        C        D        E       F      G
               +--------+--------+--------+--------+--------+-----+--------+
         Total |    589 |    589 |      0 |      0 |    511 |   1 |  589.0 |
       Dungeon |    589 |    589 |      0 |      0 |    511 |   1 |  589.0 |
               +--------+--------+--------+--------+--------+-----+--------+

Top non-repeatable levels by time:
     D:1: 589 daAuts
